 Dungeon Crawl Stone Soup version 0.23.2-40-g277498a001 (webtiles) character file.

Game seed: 6847258195633642620

1869 Frank2 the Cleaver (level 8, -4/66 HPs)
             Began as a Demigod Gladiator on Sept 6, 2019.
             Slain by an orc warrior
             ... wielding a +0 glaive
              (23 damage)
             ... on level 6 of the Dungeon.
             The game lasted 00:08:18 (5603 turns).

Frank2 the Cleaver (Demigod Gladiator)              Turns: 5603, Time: 00:08:18

Health: -4/66      AC: 15    Str: 22    XL:     8   Next: 59%
Magic:  10/10      EV: 14    Int: 12    God:
Gold:   198        SH:  0    Dex: 21    Spells: 7/7 levels left

rFire    . . .     SeeInvis .   a - +2 war axe
rCold    . . .     Gourm    .   (no shield)
rNeg     + . .     Faith    .   n - +2 ring mail {rN+}
rPois    .         Spirit   .   c - +1 helmet
rElec    .         Reflect  .   g - +0 cloak
rCorr    .         Harm     .   (no gloves)
MR       +....                  (no boots)
Stlth    +.........             (no amulet)
HPRegen  0.21/turn              p - ring of protection from magic
MPRegen  0.12/turn              k - +4 ring of protection

@: mighty
A: high mp 1
a: no special abilities


You were on level 6 of the Dungeon.
You were hungry.

You visited 1 branch of the dungeon, and saw 6 of its levels.

You collected 276 gold pieces.
You spent 78 gold pieces at shops.

Inventory:

Hand Weapons
 a - a +2 war axe (weapon)
Armour
 c - a +1 helmet (worn)
 g - a +0 cloak (worn)
 n - a +2 ring mail of positive energy (worn)
Jewellery
 k - a +4 ring of protection (right hand)
 o - an uncursed ring of flight
 p - a ring of protection from magic (left hand)
Scrolls
 h - a scroll of remove curse
 m - a scroll of teleportation
Potions
 d - a potion of flight
 e - 4 potions of curing
 i - a potion of lignification
 l - 3 potions of heal wounds
Comestibles
 f - 9 rations


   Skills:
 + Level 4.1 Fighting
 + Level 8.7 Axes
 - Level 1.7 Throwing
 + Level 3.6 Armour
 + Level 4.6 Dodging


You had 7 spell levels left.
You didn't know any spells.
Your spell library contained the following spells:

 Spells                   Type           Power        Failure   Level  Hunger
 Animate Skeleton         Necr           N/A          45%         1    ##.....
 Corona                   Hex            #......      45%         1    ##.....
 Pain                     Necr           #...         45%         1    ##.....
 Ensorcelled Hibernation  Hex/Ice        #.....       61%         2    ###....
 Confuse                  Hex            #.......     83%         3    ####...
 Dazzling Spray           Conj/Hex       #.....       83%         3    ####...
 Regeneration             Chrm/Necr      #.........   83%         3    ####...
 Tukima's Dance           Hex            #.......     83%         3    ####...
 Vampiric Draining        Necr           #.........   83%         3    ####...
 Animate Dead             Necr           N/A          99%         4    #####..


Dungeon Overview and Level Annotations

Branches:
Dungeon (6/15)             Temple (0/1) D:4

Shops:
D:4 %*([


Innate Abilities, Weirdness & Mutations

You have an increased reservoir of magic. (+10% MP)


Message History

The orc wizard hits you but does no damage.
You miss the orc wizard. You slash the orc!
You kill the orc!
You hit the orc warrior. You hit the orc. The orc warrior closely misses you.
The orc barely misses you. The orc wizard misses you.
The orc barely misses you.
You slice the orc wizard!!
You kill the orc wizard!
You closely miss the orc warrior. You hit the orc.
The orc warrior hits you with a +0 glaive!
The orc hits you with a +0 dagger.
You hit the orc.
You kill the orc!
You slash the orc warrior!
The orc warrior hits you with a +0 glaive!
* * * LOW HITPOINT WARNING * * *
You closely miss the orc warrior.
The orc warrior is heavily wounded.
The orc warrior hits you with a +0 glaive!!
You die...

..##......#).#### ##.## ##..
o..........).#### #..# ###..
......#.....#.#.## ##.###....
. #...#.......#..# #........
..##.....#.....### ##..####..
#.......####.(.#####..## ##.
##........##.........## ##
.........#..).........## #
...........)@....(##...## #
...........).o...#.#....### #
................###.......###
.............>.## ##.........
...............#####......###
................##.......##
.............#...........#
..............##.......(##
..............###.......##


You could see an orc warrior.

Vanquished Creatures
  An orc warrior (D:6)
  A necrophage (D:5)
  An ice beast (D:6)
  3 ogres
  A bullfrog (D:6)
  4 wights (D:6)
  2 crimson imps (D:5)
  A quasit (D:6)
  A bullfrog zombie (D:5)
  2 hounds
  9 orc priests
  A centaur skeleton (D:4)
  2 bullfrog skeletons
  2 iguanas (D:4)
  5 orc wizards
  6 worker ants
  3 gnolls (D:3)
  8 adders
  A shadow imp (D:6)
  2 oozes (D:3)
  3 worms
  A dart slug (D:4)
  4 leopard geckos
  22 orcs
  3 giant cockroaches
  6 goblins
  5 hobgoblins
  16 jackals
  3 quokkas
  3 ball pythons
  A ball python skeleton (D:4)
  7 bats
  10 frilled lizards
  A giant cockroach zombie (D:6)
  5 kobolds
  A quokka skeleton (D:5)
  11 rats
158 creatures vanquished.

Notes
Turn   | Place    | Note
-------+----------+-------------------------------------------
     0 | D:1      | Frank2 the Demigod Gladiator began the quest for the Orb.
     0 | D:1      | Reached XP level 1. HP: 17/17 MP: 3/3
   227 | D:1      | Reached skill level 3 in Axes
   273 | D:1      | Reached XP level 2. HP: 18/24 MP: 4/4
  1286 | D:2      | Reached XP level 3. HP: 26/29 MP: 5/5
  1604 | D:2      | Reached skill level 1 in Armour
  2185 | D:3      | Reached XP level 4. HP: 34/36 MP: 6/6
  2220 | D:3      | Reached skill level 4 in Axes
  2729 | D:3      | Reached XP level 5. HP: 41/41 MP: 7/7
  2816 | D:4      | Found Faebiqel's Armour Boutique.
  2825 | D:4      | HP: 1/42 [orc priest/divine providence (12)]
  3046 | D:4      | Noticed an ogre
  3057 | D:4      | Killed an ogre
  3057 | D:4      | Reached skill level 5 in Axes
  3057 | D:4      | Reached XP level 6. HP: 31/50 MP: 8/8
  3239 | D:4      | Found a staircase to the Ecumenical Temple.
  3542 | D:4      | Found Vusm's Food Shop.
  3611 | D:4      | Found Gioruxt's General Store.
  3612 | D:4      | Found Jianwoso's Antique Weapon Shop.
  3621 | D:4      | Bought 2 potions of curing for 78 gold pieces
  3747 | D:4      | Reached skill level 6 in Axes
  3747 | D:4      | Reached XP level 7. HP: 56/57 MP: 9/9
  3786 | D:5      | Entered Level 5 of the Dungeon
  3788 | D:5      | Found an ancient bone altar of Kikubaaqudgha.
  4114 | D:5      | Reached skill level 7 in Axes
  4421 | D:5      | Found a hide-covered altar of Uskayaw.
  4421 | D:5      | Found a snail-covered altar of Cheibriados.
  4866 | D:6      | Reached XP level 8. HP: 61/64 MP: 10/10
  5172 | D:6      | Reached skill level 8 in Axes
  5603 | D:6      | Slain by an orc warrior

Skill      XL: |  1  2  3  4  5  6  7  8 |
---------------+-------------------------+-----
Axes           | 3 4 5 6 7 8 |  8.7
Dodging        | 3 4 |  4.6
Fighting       | 2 3 4 |  4.1
Armour         | 1 2 3 |  3.6
Throwing       | |  1.7

Action                   |  1- 3 |  4- 6 |  7- 9 || total
-------------------------+-------+-------+-------++-------
Melee: War axe           |   113 |   174 |   178 ||   465
Throw: Throwing net      |       |     2 |     2 ||     4
  Use: Scroll            |     7 |     5 |     4 ||    16
       Potion            |       |     2 |     2 ||     4
 Stab: Sleeping          |     2 |       |     1 ||     3
       Held in net/web   |       |     2 |     3 ||     5
  Eat: Chunk             |     4 |     5 |     6 ||    15
Armor: Leather armour    |    18 |       |       ||    18
       Ring mail         |    21 |    73 |    41 ||   135
       Scale mail        |       |       |    37 ||    37
       Skin              |       |       |     4 ||     4
Dodge: Dodged            |    87 |   140 |   138 ||   365
